[Event "V. Korchnoi Memorial 2019"]
[Site "St. Petersburg"]
[Date "2019.08.17"]
[Round "4.6"]
[White "Iljiushenok, Ilia"]
[Black "Shapiro, Viktor"]
[Result "1-0"]
[ECO "B03"]
[WhiteElo "2533"]
[BlackElo "2249"]
[Annotator "ChessBase"]
[PlyCount "47"]
[EventDate "2019.08.13"]
[EventType "swiss"]
[EventCountry "RUS"]
[SourceTitle "playchess.com"]
[Source "ChessBase"]
[SourceQuality "1"]
[TimeControl "5400+30"]

1. e4 Nf6 2. e5 Nd5 3. c4 Nb6 4. d4 d6 5. f4 dxe5 6. fxe5 c5 7. d5 g6 8. Nc3 Bg7 9. Bf4 O-O 10. Qd2 Bf5 11. h3 g5 12. Bxg5 Bxe5 13. O-O-O N8d7 14. Nf3 Bf6 15. g4 Bg6 16. h4 e5 17. h5 e4 18. Bxf6 Qxf6 19. Ne1 e3 20. Qh2 e2 21. Bxe2 Qg5+ 22. Rd2 Bb1 23. Nf3 Qe3 24. Kxb1 1-0

[Event "V. Korchnoi Memorial 2019"]
[Site "St. Petersburg"]
[Date "2019.08.17"]
[Round "4.7"]
[White "Vlasenko, Miroslav"]
[Black "Vokhidov, Shamsiddin"]
[Result "0-1"]
[ECO "E32"]
[WhiteElo "2419"]
[BlackElo "2512"]
[Annotator "ChessBase"]
[PlyCount "98"]
[EventDate "2019.08.13"]
[EventType "swiss"]
[EventCountry "RUS"]
[SourceTitle "playchess.com"]
[Source "ChessBase"]
[SourceQuality "1"]
[TimeControl "5400+30"]

1. d4 Nf6 2. c4 e6 3. Nc3 Bb4 4. Qc2 O-O 5. a3 Bxc3+ 6. Qxc3 b6 7. Bg5 c5 8. dxc5 bxc5 9. e3 d6 10. Bd3 Nbd7 11. Ne2 Rb8 12. Rd1 h6 13. Bf4 e5 14. Bg3 Qb6 15. Rd2 Bb7 16. O-O Qc6 17. f3 e4 18. Bb1 exf3 19. gxf3 Ne5 20. Bxe5 dxe5 21. Ng3 Rbd8 22. Rg2 Bc8 23. Bf5 Rfe8 24. Bxc8 Qxc8 25. e4 Kh7 26. Qe3 g6 27. Kh1 Rd4 28. Rfg1 Qh3 29. b4 Rc8 30. bxc5 Rxc5 31. Rc2 a6 32. Qb3 Qe6 33. Rgc1 Nd7 34. Nf1 Qf6 35. Rd2 Nf8 36. Rxd4 exd4 37. Nd2 Qf4 38. Qd3 Ne6 39. Rg1 Qe3 40. Qxe3 dxe3 41. Nf1 e2 42. Ne3 Nd4 43. Re1 Ra5 44. Kg2 Rxa3 45. Kf2 Rc3 46. h4 a5 47. Rxe2 Nxe2 48. Kxe2 a4 49. Kd2 Rxe3 0-1

[Event "V. Korchnoi Memorial 2019"]
[Site "St. Petersburg"]
[Date "2019.08.17"]
[Round "4.8"]
[White "Bukal, Vladimir Jr."]
[Black "Goganov, Aleksey"]
[Result "0-1"]
[ECO "D02"]
[WhiteElo "2405"]
[BlackElo "2564"]
[Annotator "ChessBase"]
[PlyCount "88"]
[EventDate "2019.08.13"]
[EventType "swiss"]
[EventCountry "RUS"]
[SourceTitle "playchess.com"]
[Source "ChessBase"]
[SourceQuality "1"]
[TimeControl "5400+30"]

1. d4 d5 2. Bf4 Nf6 3. e3 e6 4. Nf3 c5 5. Be2 Nc6 6. O-O Bd6 7. dxc5 Bxf4 8. exf4 Qa5 9. c3 Qxc5 10. b4 Qd6 11. b5 Ne7 12. Ne5 Nd7 13. Nd3 O-O 14. Nd2 b6 15. Bf3 Bb7 16. Re1 Rac8 17. Rc1 Rfd8 18. g3 Nc5 19. Nxc5 Rxc5 20. Qa4 Qc7 21. Qb4 Nf5 22. Bg4 Nd6 23. Be2 d4 24. Nb3 Rxc3 25. Rcd1 Bd5 26. Nxd4 Rc8 27. f5 exf5 28. Nc6 Rc5 29. Rxd5 Rxd5 30. Bc4 Rc5 31. Re7 Rxc6 32. Rxc7 R6xc7 33. Bd5 Rd8 34. Bc6 Ne4 35. Kg2 g6 36. h4 h5 37. a4 Nc5 38. a5 Ne6 39. Qe1 bxa5 40. Qxa5 f4 41. Qe1 fxg3 42. fxg3 a6 43. Qe5 axb5 44. Bxb5 Rc5 0-1

[Event "V. Korchnoi Memorial 2019"]
[Site "St. Petersburg"]
[Date "2019.08.17"]
[Round "4.9"]
[White "Lintchevski, Daniil"]
[Black "Makoveev, Ilya"]
[Result "1-0"]
[ECO "B90"]
[WhiteElo "2538"]
[BlackElo "2299"]
[Annotator "ChessBase"]
[PlyCount "149"]
[EventDate "2019.08.13"]
[EventType "swiss"]
[EventCountry "RUS"]
[SourceTitle "playchess.com"]
[Source "ChessBase"]
[SourceQuality "1"]
[TimeControl "5400+30"]

1. e4 c5 2. Nf3 d6 3. d4 cxd4 4. Nxd4 Nf6 5. Nc3 a6 6. h3 e5 7. Nf3 Be7 8. Bc4 O-O 9. O-O b5 10. Bd5 Nxd5 11. Qxd5 Ra7 12. Be3 Be6 13. Qd2 Rb7 14. Nd5 f5 15. Bg5 Nc6 16. Nxe7+ Nxe7 17. Rad1 Rd7 18. exf5 Bxf5 19. Nh4 Be6 20. f4 Qb6+ 21. Kh2 Nf5 22. Nxf5 Rxf5 23. g4 Rf8 24. f5 Bc4 25. Rf2 Qc7 26. Bh4 Re8 27. Bg3 Bf7 28. f6 g6 29. Rf3 Qb7 30. Rd3 Re6 31. Bh4 Qc7 32. Qh6 Be8 33. c3 Rf7 34. Qd2 Rd7 35. Qe3 Bf7 36. b3 Qc6 37. R3d2 Qc7 38. Rd3 Qc6 39. Qh6 Be8 40. Qc1 Bf7 41. c4 bxc4 42. bxc4 e4 43. Qh6 Be8 44. Rc3 Qb6 45. Qd2 Bf7 46. c5 Qd8 47. c6 Rc7 48. Qh6 Qf8 49. Qxf8+ Kxf8 50. Bg3 Rc8 51. Bxd6+ Ke8 52. Be7 Re5 53. c7 Rd5 54. Rxd5 Bxd5 55. a3 Kd7 56. Bd8 Ke6 57. Kg3 g5 58. Rc5 e3 59. Rc3 Kf7 60. Rxe3 Be6 61. Re5 h6 62. Rc5 Bd7 63. Re5 Be6 64. Kf3 Ra8 65. Ra5 Ke8 66. Ke3 Kd7 67. Kd4 Kd6 68. Re5 Rc8 69. Re1 Ra8 70. Rb1 Rc8 71. Rb6+ Kd7 72. Rxa6 Bf7 73. a4 Be6 74. a5 Bg8 75. Rb6 1-0

[Event "V. Korchnoi Memorial 2019"]
[Site "St. Petersburg"]
[Date "2019.08.17"]
[Round "4.10"]
[White "Postnikov, Artem"]
[Black "Sorokin, Aleksey"]
[Result "0-1"]
[ECO "B19"]
[WhiteElo "2278"]
[BlackElo "2537"]
[Annotator "ChessBase"]
[PlyCount "82"]
[EventDate "2019.08.13"]
[EventType "swiss"]
[EventCountry "RUS"]
[SourceTitle "playchess.com"]
[Source "ChessBase"]
[SourceQuality "1"]
[TimeControl "5400+30"]

1. e4 c6 2. d4 d5 3. Nc3 dxe4 4. Nxe4 Bf5 5. Ng3 Bg6 6. h4 h6 7. Nf3 e6 8. Ne5 Bh7 9. Bd3 Bxd3 10. Qxd3 Nd7 11. f4 Bb4+ 12. c3 Be7 13. Bd2 Ngf6 14. O-O-O O-O 15. Qf3 Qa5 16. Kb1 Qd5 17. Rhe1 Nxe5 18. fxe5 Qxf3 19. gxf3 Nd5 20. Ne4 b5 21. h5 Kh7 22. Rg1 a5 23. Rdf1 f5 24. Nf2 b4 25. Nd3 bxc3 26. bxc3 c5 27. dxc5 Rfc8 28. c4 Rab8+ 29. Ka1 Nb4 30. Bxb4 axb4 31. Rg6 Bxc5 32. Nxc5 Rxc5 33. Rxe6 Rb7 34. Rc1 b3 35. axb3 Rxb3 36. Ra6 Rxf3 37. Ra7 f4 38. e6 Re3 39. e7 f3 40. Rf1 Rxh5 41. Rxf3 Rh1+ 0-1

[Event "V. Korchnoi Memorial 2019"]
[Site "St. Petersburg"]
[Date "2019.08.18"]
[Round "5.4"]
[White "Kovalchuk, Alexey"]
[Black "Gareyev, Timur"]
[Result "0-1"]
[ECO "C50"]
[WhiteElo "2383"]
[BlackElo "2600"]
[Annotator "ChessBase"]
[PlyCount "58"]
[EventDate "2019.08.13"]
[EventType "swiss"]
[EventCountry "RUS"]
[SourceTitle "playchess.com"]
[Source "ChessBase"]
[SourceQuality "1"]
[TimeControl "5400+30"]

1. e4 e5 2. Nf3 Nc6 3. Bc4 Bc5 4. d3 d6 5. c3 Qf6 6. O-O Nge7 7. b4 Bb6 8. a4 a6 9. Bb3 O-O 10. Nbd2 Ba7 11. Nc4 Bg4 12. b5 Nd8 13. Be3 Ne6 14. Ncd2 Nf4 15. d4 Neg6 16. bxa6 bxa6 17. Bc4 Nh4 18. Bxf4 Qxf4 19. Be2 Nxf3+ 20. Nxf3 Qxe4 21. dxe5 dxe5 22. Bxa6 Rad8 23. Qe2 Qg6 24. Bb7 c6 25. Rfe1 Rd7 26. Rab1 Re7 27. Rb4 e4 28. Nh4 Qg5 29. Qa6 Bxf2+ 0-1

[Event "V. Korchnoi Memorial 2019"]
[Site "St. Petersburg"]
[Date "2019.08.18"]
[Round "5.5"]
[White "Goganov, Aleksey"]
[Black "Bryakin, Mikhail"]
[Result "1-0"]
[ECO "D12"]
[WhiteElo "2564"]
[BlackElo "2428"]
[Annotator "ChessBase"]
[PlyCount "81"]
[EventDate "2019.08.13"]
[EventType "swiss"]
[EventCountry "RUS"]
[SourceTitle "playchess.com"]
[Source "ChessBase"]
[SourceQuality "1"]
[TimeControl "5400+30"]

1. d4 d5 2. c4 c6 3. Nf3 Nf6 4. e3 Bf5 5. Nc3 e6 6. Nh4 Be4 7. f3 Bg6 8. Qb3 Qc7 9. Bd2 Be7 10. cxd5 cxd5 11. Nxg6 hxg6 12. O-O-O Nc6 13. Kb1 a6 14. Rc1 Kf8 15. g4 Na5 16. Qd1 Nc4 17. g5 Ne8 18. e4 Qb6 19. Bxc4 dxc4 20. d5 Qd8 21. f4 Nc7 22. Be3 exd5 23. exd5 Qd7 24. Ka1 Rh3 25. Bb6 Rd3 26. Qc2 Rc8 27. Bxc7 Qxc7 28. h4 Qxf4 29. h5 Bxg5 30. hxg6 Bh6 31. Rcf1 Qd6 32. gxf7 Rc7 33. Qa4 Rxf7 34. Qxc4 Rdf3 35. Qc8+ Ke7 36. Re1+ Re3 37. Rxe3+ Bxe3 38. Re1 Rf3 39. Nd1 Kf7 40. Nxe3 Qb6 41. Nc4 1-0

[Event "V. Korchnoi Memorial 2019"]
[Site "St. Petersburg"]
[Date "2019.08.18"]
[Round "5.6"]
[White "Borisovsky, Dmitry"]
[Black "Lintchevski, Daniil"]
[Result "1/2-1/2"]
[ECO "B33"]
[WhiteElo "2326"]
[BlackElo "2538"]
[Annotator "ChessBase"]
[PlyCount "177"]
[EventDate "2019.08.13"]
[EventType "swiss"]
[EventCountry "RUS"]
[SourceTitle "playchess.com"]
[Source "ChessBase"]
[SourceQuality "1"]
[TimeControl "5400+30"]

1. e4 c5 2. Nf3 Nc6 3. d4 cxd4 4. Nxd4 Nf6 5. Nc3 e5 6. Ndb5 d6 7. Bg5 a6 8. Na3 Be6 9. Nc4 Rb8 10. Nd5 Bxd5 11. exd5 Ne7 12. Bxf6 gxf6 13. a4 f5 14. a5 Bg7 15. g4 h5 16. gxf5 Nxf5 17. Bh3 Qh4 18. Bxf5 Qxc4 19. c3 b5 20. axb6 Rxb6 21. Qa4+ Qxa4 22. Rxa4 Rxb2 23. Rxa6 e4 24. O-O Bxc3 25. Ra8+ Ke7 26. Rxh8 Bxh8 27. Re1 Be5 28. Bxe4 h4 29. h3 Kf6 30. Bf3 Kg5 31. Re2 Rb4 32. Re4 Rb1+ 33. Kg2 f5 34. Re2 Rb4 35. Rd2 Bd4 36. Bd1 Bc5 37. Bc2 Rc4 38. Bb3 Rc3 39. Ba4 Ra3 40. Bd7 Rb3 41. Rc2 Rd3 42. Be6 f4 43. Bg4 Rxd5 44. Bf3 Rd3 45. Re2 Bd4 46. Re8 d5 47. Re2 Bf6 48. Ra2 Kf5 49. Re2 Bc3 50. Bg4+ Kg5 51. Ra2 Bb4 52. Re2 Bc3 53. Rc2 Be5 54. Be2 Rd4 55. Bf3 Kf6 56. Rc6+ Ke7 57. Bg4 Bd6 58. Rc2 Rd3 59. Be2 Ra3 60. Rd2 Ra5 61. Kf3 Ke6 62. Kg4 Bb4 63. Rb2 Bc3 64. Rc2 d4 65. Bc4+ Kd6 66. Kxf4 Ra4 67. Bd3 Ra3 68. Ke4 Ra1 69. Be2 Kc5 70. Kd3 Kb4 71. Bg4 Ra3 72. Bf5 Ra5 73. Bg4 Ra1 74. Re2 Ra3 75. Re8 Ba1+ 76. Kd2 Ra2+ 77. Kd3 Rxf2 78. Rb8+ Kc5 79. Rc8+ Kd6 80. Rd8+ Ke7 81. Rh8 Ra2 82. Rxh4 Ra3+ 83. Kc4 Rc3+ 84. Kb4 Rc1 85. Rh5 d3 86. Rd5 d2 87. Kb3 Bc3 88. Rd3 Ba5 89. Rd5 1/2-1/2

[Event "V. Korchnoi Memorial 2019"]
[Site "St. Petersburg"]
[Date "2019.08.18"]
[Round "5.7"]
[White "Sorokin, Aleksey"]
[Black "Yatzenko, Anton"]
[Result "0-1"]
[ECO "D20"]
[WhiteElo "2537"]
[BlackElo "2360"]
[Annotator "ChessBase"]
[PlyCount "52"]
[EventDate "2019.08.13"]
[EventType "swiss"]
[EventCountry "RUS"]
[SourceTitle "playchess.com"]
[Source "ChessBase"]
[SourceQuality "1"]
[TimeControl "5400+30"]

1. d4 d5 2. c4 dxc4 3. e3 e5 4. Bxc4 exd4 5. exd4 Bd6 6. Nf3 Nf6 7. O-O O-O 8. h3 h6 9. Nc3 Nc6 10. Qc2 a6 11. a3 Ne7 12. Ne4 Nxe4 13. Qxe4 c6 14. Ne5 Bf5 15. Qf3 Bxe5 16. dxe5 Qd4 17. Qe2 Rad8 18. e6 fxe6 19. Bxe6+ Kh8 20. Ba2 Bd3 21. Qxe7 Bxf1 22. Be3 Qxb2 23. Rd1 Rde8 24. Qh4 Rxe3 25. Rxf1 Rc3 26. Qd4 Rc2 0-1

[Event "V. Korchnoi Memorial 2019"]
[Site "St. Petersburg"]
[Date "2019.08.18"]
[Round "5.8"]
[White "Protopopova, Anastasiya"]
[Black "Gasanov, Eldar"]
[Result "0-1"]
[ECO "D07"]
[WhiteElo "2274"]
[BlackElo "2475"]
[Annotator "ChessBase"]
[PlyCount "70"]
[EventDate "2019.08.13"]
[EventType "swiss"]
[EventCountry "RUS"]
[SourceTitle "playchess.com"]
[Source "ChessBase"]
[SourceQuality "1"]
[TimeControl "5400+30"]

1. d4 Nf6 2. c4 Nc6 3. Nf3 e6 4. e3 g6 5. Nc3 Bg7 6. Be2 O-O 7. O-O d5 8. a3 Qe7 9. b4 dxc4 10. Bxc4 e5 11. b5 exd4 12. exd4 Na5 13. Ba2 Qd6 14. Re1 c5 15. a4 c4 16. Bb1 Qd8 17. Ba3 Re8 18. h3 Nb3 19. Ra2 Rxe1+ 20. Qxe1 Be6 21. Bb2 Nxd4 22. Nxd4 Qxd4 23. Ne4 Qd8 24. Nc5 Bd5 25. Bc3 Qc7 26. Bd4 Ng4 27. hxg4 Bxd4 28. Ne4 c3 29. Rc2 Qe5 30. Re2 Bc4 31. Rc2 f5 32. Rxc3 Bxc3 33. Qxc3 Qxc3 34. Nxc3 Re8 35. Kh2 Re1 0-1

[Event "V. Korchnoi Memorial 2019"]
[Site "St. Petersburg"]
[Date "2019.08.18"]
[Round "5.9"]
[White "Mokshanov, Alexey"]
[Black "Lesovoi, Evgenij"]
[Result "1/2-1/2"]
[ECO "B12"]
[WhiteElo "2447"]
[BlackElo "2337"]
[Annotator "NA"]
[PlyCount "82"]
[EventDate "2019.08.13"]
[EventType "swiss"]
[EventCountry "RUS"]
[SourceTitle "playchess.com"]
[Source "ChessBase"]
[SourceQuality "1"]
[TimeControl "5400+30"]

1. e4 c6 2. d4 d5 3. e5 Bf5 4. Nf3 e6 5. Be2 Ne7 6. O-O Nd7 7. Nbd2 h6 8. Nb3 g5 9. Re1 Bg7 10. a4 Qc7 11. a5 $11 f6 12. exf6 Bxf6 13. Bd3 O-O 14. Bxf5 exf5 15. Nc5 Nxc5 16. dxc5 Ng6 17. Nd4 Qd7 18. Qh5 Bxd4 19. Qxg6+ Qg7 20. Qxg7+ Kxg7 21. Be3 Bxb2 22. Rab1 Bc3 23. Rxb7+ Rf7 24. Reb1 f4 25. Bc1 Re8 26. Bb2 Bxb2 27. R7xb2 Re4 28. Rb4 Re2 29. c4 d4 30. R4b2 Re5 31. Rd1 Rxc5 32. Rxd4 Rxa5 33. f3 Rc5 34. Rb8 Ra5 35. h4 gxh4 36. Kh2 h3 37. Kxh3 Rh5+ 38. Kg4 Rg5+ 39. Kh3 Rh5+ 40. Kg4 Rg5+ 41. Kh3 Rh5+ 1/2-1/2

[Event "V. Korchnoi Memorial 2019"]
[Site "St. Petersburg"]
[Date "2019.08.18"]
[Round "5.10"]
[White "Samusenko, Maksim"]
[Black "Gubajdullin, Alexei"]
[Result "1-0"]
[ECO "A46"]
[WhiteElo "2438"]
[BlackElo "2331"]
[Annotator "NA"]
[PlyCount "55"]
[EventDate "2019.08.13"]
[EventType "swiss"]
[EventCountry "RUS"]
[SourceTitle "playchess.com"]
[Source "ChessBase"]
[SourceQuality "1"]
[TimeControl "5400+30"]

1. d4 Nf6 2. Nf3 d6 3. Nbd2 Bf5 4. Nh4 Bg4 5. h3 Bd7 6. Nhf3 Nc6 7. e4 e5 8. c3 g6 9. dxe5 Nxe5 10. Qb3 $11 Nxf3+ 11. Nxf3 Nxe4 12. Bc4 Qe7 13. Bxf7+ Qxf7 14. Qxb7 Qc4 15. Qxa8+ Ke7 16. Nd2 Nxd2 17. Bxd2 Bc6 18. Qc8 Bxg2 19. Bg5+ Kf7 20. Rg1 Qe4+ 21. Be3 Bf3 22. Qxc7+ Be7 23. Kd2 Qe6 24. Rg3 Bh5 25. Re1 Rc8 26. Qb7 Qxa2 27. Bg5 Rc7 28. Rxe7+ 1-0

[Event "V. Korchnoi Memorial 2019"]
[Site "St. Petersburg"]
[Date "2019.08.19"]
[Round "6.4"]
[White "Yatzenko, Anton"]
[Black "Goganov, Aleksey"]
[Result "1-0"]
[ECO "D12"]
[WhiteElo "2360"]
[BlackElo "2564"]
[Annotator "ChessBase"]
[PlyCount "89"]
[EventDate "2019.08.13"]
[EventType "swiss"]
[EventCountry "RUS"]
[SourceTitle "playchess.com"]
[Source "ChessBase"]
[SourceQuality "1"]
[TimeControl "5400+30"]

1. d4 d5 2. Nf3 Nf6 3. c4 c6 4. e3 Bf5 5. Nc3 e6 6. Nh4 Bg6 7. Qb3 Qc7 8. Bd2 Nbd7 9. Nxg6 hxg6 10. g3 Be7 11. Bg2 Nb6 12. cxd5 exd5 13. e4 dxe4 14. Nxe4 Nxe4 15. Bxe4 Qd7 16. O-O-O Qxd4 17. Rhe1 Qc4+ 18. Qxc4 Nxc4 19. Bxc6+ Kf8 20. Bxb7 Rb8 21. Rxe7 Kxe7 22. Bb4+ Ke6 23. Bd5+ Kf5 24. g4+ Kf4 25. Rd4+ Ke5 26. Bc3 Nb6 27. f4+ Kd6 28. Bxf7+ Ke7 29. Bxg6 Rbc8 30. Kb1 Rxc3 31. bxc3 Rxh2 32. Bc2 Rg2 33. g5 Rf2 34. Kb2 Nd7 35. Ra4 Nc5 36. Rxa7+ Kd6 37. c4 Rxf4 38. Rxg7 Rxc4 39. g6 Rg4 40. Ra7 Rg3 41. g7 Rg2 42. Kc1 Rg1+ 43. Kd2 Rg2+ 44. Ke3 Rg3+ 45. Kf2 1-0

[Event "V. Korchnoi Memorial 2019"]
[Site "St. Petersburg"]
[Date "2019.08.19"]
[Round "6.5"]
[White "Iljiushenok, Ilia"]
[Black "Samusenko, Maksim"]
[Result "1/2-1/2"]
[ECO "B01"]
[WhiteElo "2533"]
[BlackElo "2438"]
[Annotator "ChessBase"]
[PlyCount "116"]
[EventDate "2019.08.13"]
[EventType "swiss"]
[EventCountry "RUS"]
[SourceTitle "playchess.com"]
[Source "ChessBase"]
[SourceQuality "1"]
[TimeControl "5400+30"]

1. e4 d5 2. exd5 Nf6 3. Nf3 Bg4 4. h3 Bxf3 5. Qxf3 Qxd5 6. Qxd5 Nxd5 7. Nc3 e6 8. Nxd5 exd5 9. d4 Bd6 10. Bd3 O-O 11. O-O Re8 12. Be3 Nd7 13. b3 g6 14. c4 dxc4 15. bxc4 c5 16. d5 b6 17. a4 Be5 18. Ra2 a5 19. Rb1 Kg7 20. Ra3 Bd4 21. Bf4 Be5 22. Bd2 h5 23. g3 Rab8 24. Rab3 Bd4 25. Kg2 Kf8 26. Bf1 Be5 27. Bg5 Bd4 28. Bd2 Kg7 29. Bd3 Kf8 30. Bg5 Kg7 31. Kf1 Bf6 32. Bf4 Be5 33. Bd2 Bd4 34. Be2 Re7 35. Bd3 Ree8 36. Kg1 Kf8 37. Bf1 Kg7 38. Kg2 Kf8 39. g4 hxg4 40. hxg4 Kg7 41. g5 Re4 42. Re1 Rxe1 43. Bxe1 Re8 44. Bd2 f6 45. gxf6+ Kxf6 46. f4 Kf7 47. Kg3 Nf6 48. Bd3 Be3 49. Bxg6+ Kxg6 50. Bxe3 Re4 51. Kf3 Rxc4 52. Rxb6 Rxa4 53. Rc6 Ra3 54. Rxc5 Rd3 55. d6 Rxd6 56. Rxa5 Rd5 57. Ra1 Kf5 58. Rg1 Ke6 1/2-1/2

[Event "V. Korchnoi Memorial 2019"]
[Site "St. Petersburg"]
[Date "2019.08.19"]
[Round "6.6"]
[White "Stupak, Kirill"]
[Black "Borisovsky, Dmitry"]
[Result "0-1"]
[ECO "D85"]
[WhiteElo "2561"]
[BlackElo "2326"]
[Annotator "ChessBase"]
[PlyCount "46"]
[EventDate "2019.08.13"]
[EventType "swiss"]
[EventCountry "RUS"]
[SourceTitle "playchess.com"]
[Source "ChessBase"]
[SourceQuality "1"]
[TimeControl "5400+30"]

1. d4 Nf6 2. c4 g6 3. Nc3 d5 4. Nf3 Bg7 5. cxd5 Nxd5 6. Na4 O-O 7. e4 Nb6 8. Be3 Nc6 9. Nc5 f5 10. Qb3+ e6 11. Rd1 f4 12. Bc1 Qe7 13. Qc3 e5 14. d5 Nd4 15. Be2 Nd7 16. Nb3 Nxe2 17. Kxe2 Nf6 18. Nfd2 b6 19. f3 Ba6+ 20. Kf2 Nxd5 21. exd5 e4 22. Qc6 e3+ 23. Kg1 e2 0-1

[Event "V. Korchnoi Memorial 2019"]
[Site "St. Petersburg"]
[Date "2019.08.19"]
[Round "6.7"]
[White "Lintchevski, Daniil"]
[Black "Evdokimov, Alexey"]
[Result "1-0"]
[ECO "B07"]
[WhiteElo "2538"]
[BlackElo "2326"]
[Annotator "ChessBase"]
[PlyCount "87"]
[EventDate "2019.08.13"]
[EventType "swiss"]
[EventCountry "RUS"]
[SourceTitle "playchess.com"]
[Source "ChessBase"]
[SourceQuality "1"]
[TimeControl "5400+30"]

1. e4 d6 2. d4 Nf6 3. Nc3 g6 4. g3 Bg7 5. Bg2 O-O 6. Nge2 Nbd7 7. h3 e5 8. Be3 c6 9. a4 Qc7 10. O-O b6 11. g4 Ba6 12. Re1 h6 13. Qd2 Kh7 14. Ng3 Rad8 15. f4 exf4 16. Bxf4 c5 17. d5 Ng8 18. Bf1 Bxf1 19. Rxf1 Ne5 20. Qe2 Qb7 21. Kg2 a6 22. g5 Ne7 23. gxh6 Bh8 24. Kh2 Rb8 25. Rf2 b5 26. axb5 axb5 27. Raf1 Ng8 28. Nd1 Qe7 29. Ne3 Rb7 30. Rg2 Qd7 31. Ngf5 Bf6 32. Ng7 Nc4 33. Ng4 Bxb2 34. h4 Ne5 35. Bxe5 Bxe5+ 36. Nxe5 dxe5 37. Ne6 fxe6 38. Rxf8 Nxh6 39. Rf6 Qg7 40. Rxe6 Qf7 41. Rgxg6 Qf4+ 42. Kh3 Rg7 43. Rxh6+ Kg8 44. Re8+ 1-0

[Event "V. Korchnoi Memorial 2019"]
[Site "St. Petersburg"]
[Date "2019.08.19"]
[Round "6.8"]
[White "Polschikov, Alexey"]
[Black "Lobanov, Sergei"]
[Result "0-1"]
[ECO "E01"]
[WhiteElo "2410"]
[BlackElo "2495"]
[Annotator "ChessBase"]
[PlyCount "66"]
[EventDate "2019.08.13"]
[EventType "swiss"]
[EventCountry "RUS"]
[SourceTitle "playchess.com"]
[Source "ChessBase"]
[SourceQuality "1"]
[TimeControl "5400+30"]

1. Nf3 d5 2. d4 Nf6 3. c4 c6 4. Nc3 e6 5. g3 dxc4 6. Bg2 Nbd7 7. O-O b5 8. Ng5 Qb6 9. a4 b4 10. Nce4 Nd5 11. a5 Qb5 12. f4 h6 13. Nf3 Be7 14. Re1 Ba6 15. Nf2 b3 16. Bd2 Nb4 17. Bxb4 Bxb4 18. Ne4 O-O 19. Nc3 Bxc3 20. bxc3 Rab8 21. Nd2 c5 22. d5 Bb7 23. dxe6 Bxg2 24. Kxg2 fxe6 25. e4 b2 26. Ra2 Nf6 27. Qc2 Rfd8 28. e5 Ng4 29. Nb1 Rd3 30. Kh3 Qe8 31. Kxg4 Qg6+ 32. Kh4 h5 33. Qe2 Re3 0-1

[Event "V. Korchnoi Memorial 2019"]
[Site "St. Petersburg"]
[Date "2019.08.20"]
[Round "7.5"]
[White "Mokshanov, Alexey"]
[Black "Lintchevski, Daniil"]
[Result "1/2-1/2"]
[ECO "B31"]
[WhiteElo "2447"]
[BlackElo "2538"]
[Annotator "ChessBase"]
[PlyCount "120"]
[EventDate "2019.08.13"]
[EventType "swiss"]
[EventCountry "RUS"]
[SourceTitle "playchess.com"]
[Source "ChessBase"]
[SourceQuality "1"]
[TimeControl "5400+30"]

1. e4 c5 2. Nf3 Nc6 3. Bb5 g6 4. Bxc6 bxc6 5. O-O Bg7 6. Re1 Nf6 7. e5 Nd5 8. c4 Nc7 9. d4 cxd4 10. Qxd4 Ne6 11. Qh4 d6 12. exd6 Qxd6 13. Nc3 h5 14. Bd2 O-O 15. Ne4 Qc7 16. Bc3 f6 17. Qg3 Qxg3 18. hxg3 Rd8 19. Rad1 Rxd1 20. Rxd1 c5 21. Re1 Kf7 22. Nfd2 Ba6 23. f3 Bh6 24. b3 Rd8 25. Nf1 Bb7 26. Bb2 f5 27. Nc3 Bc6 28. Rd1 Nd4 29. Ba3 Rd7 30. Kf2 Ne6 31. Rxd7 Bxd7 32. Ne3 Bg7 33. Ned5 Nd8 34. Ne2 Nb7 35. Ndf4 Be5 36. Nd3 Bd6 37. Bb2 g5 38. Ne5+ Ke6 39. Nxd7 Kxd7 40. Bc1 g4 41. Nf4 Bxf4 42. Bxf4 Na5 43. Be3 Kd6 44. Bf4+ Kd7 45. Be3 Nb7 46. Ke2 Kd6 47. Bh6 Nd8 48. Ke3 Ne6 49. Bf4+ Kc6 50. Be5 a6 51. Kd3 gxf3 52. gxf3 f4 53. g4 h4 54. Ke2 Kd7 55. Kf2 h3 56. Bb8 Ke8 57. Kg1 Nd4 58. Kh2 Nxf3+ 59. Kxh3 e5 60. Kg2 Ne1+ 1/2-1/2

[Event "V. Korchnoi Memorial 2019"]
[Site "St. Petersburg"]
[Date "2019.08.20"]
[Round "7.6"]
[White "Borisovsky, Dmitry"]
[Black "Iljiushenok, Ilia"]
[Result "0-1"]
[ECO "B90"]
[WhiteElo "2326"]
[BlackElo "2533"]
[Annotator "ChessBase"]
[PlyCount "48"]
[EventDate "2019.08.13"]
[EventType "swiss"]
[EventCountry "RUS"]
[SourceTitle "playchess.com"]
[Source "ChessBase"]
[SourceQuality "1"]
[TimeControl "5400+30"]

1. e4 c5 2. Nf3 d6 3. d4 cxd4 4. Nxd4 Nf6 5. Nc3 a6 6. f3 e5 7. Nb3 Be6 8. Be3 Nbd7 9. Qd2 b5 10. g4 b4 11. Nd5 Bxd5 12. exd5 Nb6 13. Na5 Nbxd5 14. Nc4 Nxe3 15. Nxe3 d5 16. g5 d4 17. Nc4 Nd5 18. Nxe5 Ne3 19. f4 Bd6 20. Bg2 Rc8 21. Bc6+ Rxc6 22. Nxc6 Qa8 23. Kf2 Qxc6 24. Qxd4 O-O 0-1

[Event "V. Korchnoi Memorial 2019"]
[Site "St. Petersburg"]
[Date "2019.08.20"]
[Round "7.7"]
[White "Vokhidov, Shamsiddin"]
[Black "Gasanov, Eldar"]
[Result "1-0"]
[ECO "B29"]
[WhiteElo "2512"]
[BlackElo "2475"]
[Annotator "ChessBase"]
[PlyCount "137"]
[EventDate "2019.08.13"]
[EventType "swiss"]
[EventCountry "RUS"]
[SourceTitle "playchess.com"]
[Source "ChessBase"]
[SourceQuality "1"]
[TimeControl "5400+30"]

1. e4 c5 2. Nf3 Nf6 3. Nc3 d5 4. Bb5+ Bd7 5. e5 Bxb5 6. Nxb5 Qd7 7. Qe2 a6 8. exf6 Qxb5 9. Qe5 gxf6 10. Qxd5 Rg8 11. g3 Qc6 12. Qxc6+ Nxc6 13. d3 Nb4 14. Kd1 O-O-O 15. a3 Nc6 16. Be3 c4 17. Ke2 cxd3+ 18. cxd3 e6 19. Rac1 Kb8 20. Rc4 Rd5 21. Rhc1 Be7 22. Bc5 Rgd8 23. Bxe7 Nxe7 24. Rc7 R8d7 25. Rxd7 Rxd7 26. Rc4 Rd5 27. Nd2 Rb5 28. b4 Re5+ 29. Ne4 Ng8 30. Kd2 Rd5 31. Nc3 Rf5 32. Ne4 Rd5 33. a4 b6 34. Nc3 Rh5 35. h4 f5 36. b5 a5 37. Ne2 Ne7 38. Nf4 Rh6 39. d4 Kb7 40. Ke3 Rf6 41. Rc2 Rh6 42. Rc1 Rf6 43. Kf3 Rh6 44. Ke2 Rf6 45. Ke3 Rh6 46. f3 Kb8 47. h5 Rf6 48. g4 h6 49. Rc2 Kb7 50. Rg2 fxg4 51. fxg4 Kc7 52. Ke4 Nd5 53. Nxd5+ exd5+ 54. Kxd5 Kd7 55. Rc2 Rf4 56. Rc6 Rxg4 57. Rxh6 Rg5+ 58. Kc4 Kc7 59. Rc6+ Kb7 60. h6 Rf5 61. Kd3 Rf4 62. Ke3 Rf1 63. d5 Rh1 64. Kf4 Rh5 65. Ke4 Rh4+ 66. Kf5 Rh5+ 67. Kg4 Rxd5 68. h7 Rd8 69. Kg5 1-0

[Event "V. Korchnoi Memorial 2019"]
[Site "St. Petersburg"]
[Date "2019.08.20"]
[Round "7.8"]
[White "Samusenko, Maksim"]
[Black "Goganov, Aleksey"]
[Result "1/2-1/2"]
[ECO "B40"]
[WhiteElo "2438"]
[BlackElo "2564"]
[Annotator "ChessBase"]
[PlyCount "74"]
[EventDate "2019.08.13"]
[EventType "swiss"]
[EventCountry "RUS"]
[SourceTitle "playchess.com"]
[Source "ChessBase"]
[SourceQuality "1"]
[TimeControl "5400+30"]

1. e4 c5 2. Nf3 e6 3. g3 Nc6 4. Bg2 Nf6 5. Qe2 d5 6. exd5 Nxd5 7. O-O Be7 8. Rd1 Qb6 9. Na3 O-O 10. Nc4 Qc7 11. d4 cxd4 12. Nxd4 Nxd4 13. Rxd4 Bf6 14. Rd1 Bd7 15. Ne3 Nxe3 16. Bxe3 Bc6 17. c4 Bxg2 18. Kxg2 Qc6+ 19. Kg1 a6 20. Rac1 Rfd8 21. b3 Qe4 22. Rxd8+ Rxd8 23. Rd1 Rxd1+ 24. Qxd1 g6 25. Qd7 Qb1+ 26. Kg2 Qe4+ 27. Kg1 Kg7 28. h4 h5 29. Qc8 Be5 30. Bc5 Kh7 31. Qd7 Kg7 32. Qc8 Qf3 33. Qd8 Kh7 34. Qg5 Bc3 35. Qd8 Be5 36. Qg5 Bc3 37. Qd8 Be5 1/2-1/2